 Dungeon Crawl Stone Soup version 0.16.2-12-gd0ad4c3 (webtiles) character file.

266315 Kloppie the Unseen (level 19, -3/102 HPs)
             Began as a Spriggan Enchanter on Nov 3, 2015.
             Was the Champion of Dithmenos.
             Slain by a tengu reaver
             ... wielding a +0 war axe
              (19 damage)
             ... on level 4 of the Vaults on Nov 4, 2015.
             The game lasted 03:46:11 (53056 turns).

Kloppie the Unseen (Spriggan Enchanter)            Turns: 53056, Time: 03:46:11

Health: -3/102     AC:  9    Str:  5    XL:     19   Next: 32%
Magic:  0/34       EV: 37    Int: 29    God:    Dithmenos [******]
Gold:   2782       SH: 11    Dex: 20    Spells: 9 memorised, 9 levels left

rFire  . . .     SeeInvis +     b - +5 quick blade
rCold  . . .     Clarity  +     M - +2 robe {Archmagi}
rNeg   + . .     SustAb   .     j - +2 buckler
rPois  +         Gourm    .     D - +2 hat of the Bear Spirit {Spirit, +Rage rN+ MR++}
rElec  .         Spirit   +     Q - +2 cloak of Articulation {Int+9}
rCorr  .         Warding  .     (gloves unavailable)
rMut   .         Stasis   .     (boots unavailable)
MR     +++++                    S - amulet of clarity
Stlth  ++++++++++               c - ring of poison resistance
                                T - +5 ring of slaying

@: wreathed by umbra, very quick, almost entirely resistant to hostile
enchantments, uncannily stealthy
A: unfitting armour, horns 1, see invisible, herbivore 3, speed 3, slow
metabolism 2
a: Shadow Step, Shadow Form, Renounce Religion, Evoke Berserk Rage
}: 2/15 runes: decaying, serpentine


You were on level 4 of the Vaults.
You worshipped Dithmenos.
Dithmenos was exalted by your worship.
You were not hungry.

You visited 8 branches of the dungeon, and saw 45 of its levels.
You also visited: Ice Cave and Volcano.

You collected 5199 gold pieces.
You spent 2417 gold pieces at shops.

Inventory:

Hand weapons
 a - a +3 dagger of protection
 b - a +5 quick blade (weapon)
Armour
 j - a +2 buckler (worn)
 D - the +2 hat of the Bear Spirit (worn) {Spirit, +Rage rN+ MR++}
   (You found it on level 4 of the Lair of Beasts)

   It protects you from negative energy.
   It affects your resistance to hostile enchantments.
   It lets you go berserk.
 M - a +2 robe of the Archmagi (worn)
 Q - the +2 cloak of Articulation (worn) {Int+9}
   (You bought it in a shop on level 12 of the Dungeon)

   It affects your intelligence (+9).
Jewellery
 c - a ring of poison resistance (right hand)
 e - an uncursed ring of invisibility
 r - a cursed ring of teleportation
 t - an uncursed amulet of resist mutation
 v - an uncursed ring of positive energy
 w - an uncursed ring of wizardry
 y - an uncursed ring of protection from fire
 S - an amulet of clarity (around neck)
 T - a +5 ring of slaying (left hand)
Magical devices
 i - a wand of paralysis (12)
 C - a wand of invisibility (3)
 F - a wand of magic darts (16)
 V - a wand of digging (5)
 Z - a wand of disintegration (12)
Scrolls
 k - 5 scrolls of fog
 n - 3 scrolls of enchant armour
 z - 12 scrolls of remove curse
 E - 2 scrolls of holy word
 G - 7 scrolls of teleportation
 H - 6 scrolls of magic mapping
 I - 10 scrolls of identify
 K - 3 scrolls of fear
 L - 2 scrolls of blinking
 P - a scroll of recharging
 W - 2 scrolls of enchant weapon
Potions
 f - 12 potions of curing
 l - 3 potions of invisibility
 m - 6 potions of might
 p - 12 potions of haste
 q - 2 potions of cancellation
 s - 6 potions of cure mutation
 U - 6 potions of restore abilities
Books
 h - a book of Party Tricks

   Spells                             Type                      Level
   a - Summon Butterflies             Summoning                    1
   b - Apportation                    Translocation                1
   c - Tukima's Dance                 Hexes                        3
   d - Alistair's Intoxication        Transmutation/Poison         4
   e - Invisibility                   Hexes                        6
 A - a book of Spatial Translocations

   Spells                             Type                      Level
   a - Apportation                    Translocation                1
   b - Blink                          Translocation                2
   c - Shroud of Golubria             Charms/Translocation         2
   d - Portal Projectile              Translocation                3
   e - Teleport Other                 Translocation                3
   f - Passage of Golubria            Translocation                4
 J - a book of Necromancy

   Spells                             Type                      Level
   a - Pain                           Necromancy                   1
   b - Animate Skeleton               Necromancy                   1
   c - Vampiric Draining              Necromancy                   3
   d - Regeneration                   Charms/Necromancy            3
   e - Animate Dead                   Necromancy                   4
   f - Control Undead                 Necromancy                   4
 N - a book of Clouds

   Spells                             Type                      Level
   a - Mephitic Cloud                 Conjuration/Poison/Air       3
   b - Conjure Flame                  Conjuration/Fire             3
   c - Poisonous Cloud                Conjuration/Poison/Air       6
   d - Freezing Cloud                 Conjuration/Ice/Air          6
   e - Ring of Flames                 Charms/Fire                  7
 R - a Young Poisoner's Handbook

   Spells                             Type                      Level
   a - Sting                          Conjuration/Poison           1
   b - Cure Poison                    Poison                       2
   c - Mephitic Cloud                 Conjuration/Poison/Air       3
   d - Olgreb's Toxic Radiance        Poison                       4
   e - Venom Bolt                     Conjuration/Poison           5
 X - a book of Hinderance

   Spells                             Type                      Level
   a - Confusing Touch                Hexes                        2
   b - Confuse                        Hexes                        3
   c - Petrify                        Transmutation/Earth          4
   d - Metabolic Englaciation         Hexes/Ice                    5
   e - Gell's Gravitas                Hexes/Translocation          5
   f - Summon Mana Viper              Hexes/Summoning              5
Miscellaneous
 g - a box of beasts
Comestibles
 d - 27 bread rations
 o - 4 royal jellies
 u - 2 slices of pizza


   Skills:
 + Level 12.2 Fighting
 - Level 12.0 Short Blades
 - Level 6.7 Armour
 - Level 20.2 Dodging
 - Level 20.6 Stealth
 - Level 7.4 Shields
 - Level 5.7 Spellcasting
 - Level 11.0 Hexes
 - Level 10.2 Charms
 - Level 10.4 Translocations
 - Level 10.4 Ice Magic
 - Level 4.1 Invocations
 - Level 9.0 Evocations


You had 9 spell levels left.
You knew the following spells:

 Your Spells              Type           Power        Failure   Level  Hunger
a - Corona                Hex            #######      1%          1    None
b - Ensorcelled Hibernat  Hex/Ice        ######       1%          2    None
c - Confuse               Hex            #######.     1%          3    None
d - Enslavement           Hex            #######.     1%          4    ###....
e - Sure Blade            Hex/Chrm       #######...   1%          2    None
f - Dazzling Spray        Conj/Hex       ######..     1%          3    None
g - Apportation           Tloc           #######...   1%          1    None
h - Regeneration          Chrm/Necr      ######....   1%          3    None
i - Summon Butterflies    Summ           ##......     10%         1    None


Dungeon Overview and Level Annotations

Branches:
Dungeon (15/15)            Temple (1/1) D:7            Lair (8/8) D:9
  Swamp (5/5) Lair:5        Snake (5/5) Lair:5        Slime (0/6) Lair:6
    Orc (4/4) D:10            Elf (3/3) Orc:4        Vaults (4/5) D:14
  Crypt (0/3) Vaults:2     Depths (0/5) D:15

Altars:
Ashenzari
Cheibriados
Dithmenos
Elyvilon
Fedhas
Gozag
Kikubaaqudgha
Makhleb
Nemelex Xobeh
Okawaru
Qazlal
Ru
Sif Muna
Trog
Vehumet
Xom
Yredelemnul
Zin
The Shining One
Beogh

Shops:
D:7 :   D:9 *   D:11 [   D:12 :((*   D:13 *   D:14 [   Orc:2 }   Orc:4 **:*?[(
Snake:1 =   Snake:2 %   Snake:3 [

Annotations:
D:2 1 exclusion
D:15 Maud
Swamp:5 Lernaean hydra
Snake:3 Vashnia
Snake:5 exclusion: Roxanne, Roxanne
Elf:2 3 runed doors


Innate Abilities, Weirdness & Mutations

You are tiny and cannot use many weapons and most armour.
You have supernaturally acute eyesight.
You are a herbivore.
You cover ground extremely quickly.
You need consume almost no food.
You have a pair of small horns on your head.


Message History

Aiming: Ensorcelled Hibernation
Press: ? - help, Shift-Dir - straight line, f - tengu reaver
Aim: a tengu reaver, wielding a war axe, wearing a scale mail and wearing a buckler (black smoke, umbra, chance 37%)
You feel a surge of power!
The tengu reaver easily resists.
Casting: Ensorcelled Hibernation
Confirm with . or Enter, or press ? or * to list all spells.
Aiming: Ensorcelled Hibernation
Press: ? - help, Shift-Dir - straight line, f/p - tengu reaver
Aim: a tengu reaver, wielding a war axe, wearing a scale mail and wearing a buckler (black smoke, umbra, chance 37%)
You feel a surge of power!
The tengu reaver easily resists.
The tengu reaver hits you with a war axe!
* * * LOW HITPOINT WARNING * * *
You emit a cloud of dark smoke.
The tengu reaver pecks you but does no damage.
The tengu reaver claws you.
* * * LOW HITPOINT WARNING * * *
Drink which item? (? for menu, Esc to quit)
You feel better.
The tengu reaver hits you with a war axe!!
You die...

......# .#.#.#.#.##
##....# ..........#
)#....# .......).##
.#....# .#..#..#...#
)#....# .........§.##
'#....# ...#.#..§(.#
.'....# . #....(#§§##
.#....#.....#.#§Q*..#
.#....##.......§@§§##
'#....#...#..#§§#§§.#
.#....# .........§.##
.#....# ............#
.#....# #.#.#.#.#.##
##....##############
...............
...............
####..#########


You could see a tengu reaver.

Vanquished Creatures
  A bone dragon (Vaults:2)
  A deep elf master archer (Elf:3)
  Agnes (Vaults:4)
  A sphinx (Vaults:3)
  A frost giant (IceCv)
  6 vault wardens
  Wiglaf (Snake:3)
  An orc warlord (Orc:4)
  2 very ugly things
  Jorgrun (Vaults:4)
  A war gargoyle (Vaults:1)
  3 stone giants
  5 ironheart preservers
  An ettin (Vaults:3)
  A deep elf death mage (Elf:3)
  5 great orbs of eyes
  12 vault guards
  The ghost of Woxaris the Blocker, a powerful MiFi of Okawaru (D:13)
  Fannar (D:15)
  6 yaktaur captains
  Harold (Lair:2)
  7 centaur warriors
  3 ice dragons
  2 ghost crabs (Swamp:4)
  9 naga warriors
  15 hydras
  8 ogre magi
  5 dancing weapons
  6 anacondas
  14 death yaks
  5 alligators
  4 orc high priests (Orc:4)
  5 naga sharpshooters
  2 shock serpents (Snake:2)
  A fire crab (Vaults:2)
  A death drake (shapeshifter) (Vaults:1)
  4 skeletal warriors (Vaults:2)
  11 deep elf knights
  3 unseen horrors
  A giant orange brain (shapeshifter) (Vaults:3)
  3 wizards (Vaults:1)
  4 naga ritualists
  9 swamp dragons
  5 deep elf summoners
  An ice statue (IceCv)
  7 ironbrand convokers
  6 mana vipers
  7 harpies
  8 hill giants
  9 deep elf conjurers
  11 ugly things
  3 orc sorcerers (Orc:4)
  A hornet (shapeshifter) (D:15)
  9 orc knights
  3 griffons
  3 hornets
  3 salamanders
  4 cyclopes
  11 vault sentinels
  22 elephants
  24 black mambas
  15 naga magi
  17 spiny frogs
  5 guardian serpents
  Psyche (D:12)
  2 kobold demonologists
  7 komodo dragons
  13 yaktaurs
  An efreet (D:14)
  A yaktaur (shapeshifter) (Elf:3)
  2 spriggan druids (Lair:8)
  10 fire drakes
  8 deep elf priests
  12 two-headed ogres
  6 trolls
  25 polar bears
  4 freezing wraiths
  A polar bear (shapeshifter) (Vaults:4)
  A troll (shapeshifter) (Vaults:2)
  7 giant leeches
  A queen bee (shapeshifter) (Vaults:1)
  6 ravens (Swamp:4)
  19 blink frogs
  A trapdoor spider zombie (D:10)
  33 slime creatures
  4 boulder beetles (Vaults:3)
  6 bog bodies
  A sphinx simulacrum (Vaults:1)
  A basilisk (shapeshifter) (D:15)
  3 baby alligators (Swamp:4)
  2 wraiths
  2 frost giant simulacra
  17 spriggans
  6 redbacks
  A trapdoor spider (D:12)
  A water elemental (D:15)
  2 basilisks
  81 yaks
  2 hungry ghosts
  19 deep elf magi
  A tarantella (Elf:2)
  A hog (Volcano)
  2 yaks (shapeshifter) (D:15)
  A mottled dragon (D:11)
  2 shadows
  15 vampire mosquitoes
  22 deep elf fighters
  21 wolves
  A wyvern (Lair:8)
  8 hippogriffs
  A steam dragon (D:8)
  Edmund (D:4)
  14 swamp worms
  9 insubstantial wisps
  23 nagas
  17 boggarts
  38 water moccasins
  5 sky beasts
  3 eyes of draining
  32 orc warriors
  9 wasps
  An eye of draining (shapeshifter) (D:15)
  6 black bears
  33 ogres
  A black bear (shapeshifter) (Vaults:2)
  14 swamp drakes
  2 phantoms
  6 porcupines
  9 centaurs
  7 ice beasts
  2 big kobolds
  11 crocodiles
  3 necrophages
  Duvessa (D:9)
  2 brain worms (D:12)
  An elf zombie (D:8)
  15 giant frogs
  An elf skeleton (D:8)
  3 scorpions
  3 wyvern skeletons
  A troll zombie (D:8)
  11 wights
  20 jellies
  2 quasits
  Dowan (D:9)
  4 killer bees (D:14)
  8 electric eels
  A giant frog skeleton (D:12)
  A centaur zombie (D:6)
  7 crimson imps
  37 orc priests
  3 human zombies (D:8)
  A wasp zombie (D:7)
  A goliath beetle (D:6)
  13 hounds
  7 iguanas
  39 orc wizards
  4 centaur skeletons
  6 hell rats
  5 worker ants
  An elf simulacrum (Vaults:2)
  A killer bee zombie (D:5)
  38 sheep
  A hound zombie (D:11)
  4 mummies
  A hound skeleton (D:6)
  78 river rats
  16 adders
  3 gnolls (D:9)
  2 shadow imps
  A giant mite (D:5)
  4 worms
  2 orc zombies
  6 giant geckos
  3 oozes
  235 orcs
  14 bats
  2 bat skeletons
  6 giant cockroaches
  18 hobgoblins
  15 jackals
  10 quokkas
  A giant gecko zombie (D:5)
  4 giant newts
  16 goblins
  25 kobolds
  A quokka zombie (D:7)
  13 rats
  2 ballistomycetes (D:9)
1700 creatures vanquished.

Vanquished Creatures (collateral kills)
  A hydra (Swamp:5)
  A yak (Lair:1)
  A swamp drake (Swamp:5)
  A bat skeleton (D:6)
4 creatures vanquished.

Vanquished Creatures (others)
  A vault guard (D:14)
  A hydra (Swamp:5)
  A dancing weapon (Elf:1)
  3 swamp dragons (Swamp:5)
  2 deep elf knights (Elf:3)
  A spriggan druid (Swamp:5)
  A deep elf summoner (Elf:1)
  2 yaks
  2 deep elf magi
  2 deep elf fighters
  A wolf (IceCv)
  2 water moccasins (Swamp:4)
  An ogre (Orc:1)
  An electric eel (D:9)
  2 orcs
  A quokka (D:7)
  A giant spore (D:9)
  26 fungi
  27 plants
78 creatures vanquished.

Grand Total: 1782 creatures vanquished

Notes
Turn   | Place    | Note
--------------------------------------------------------------
     0 | D:1      | Kloppie, the Spriggan Enchanter, began the quest for the Orb.
     0 | D:1      | Reached XP level 1. HP: 9/9 MP: 4/4
   514 | D:1      | Reached XP level 2. HP: 11/13 MP: 7/7
   524 | D:1      | Learned a level 2 spell: Ensorcelled Hibernation
  1107 | D:2      | Reached XP level 3. HP: 12/16 MP: 9/9
  1209 | D:2      | Reached skill level 5 in Stealth
  1739 | D:3      | Reached XP level 4. HP: 21/21 MP: 9/12
  2766 | D:4      | Found a sparkling altar of Nemelex Xobeh.
  2890 | D:4      | Found a blossoming altar of Fedhas.
  2895 | D:4      | Reached skill level 6 in Stealth
  2895 | D:4      | Reached skill level 5 in Hexes
  2895 | D:4      | Reached XP level 5. HP: 20/24 MP: 4/14
  3085 | D:4      | Noticed a black bear
  3092 | D:4      | Killed a black bear
  3324 | D:4      | Found a snail-covered altar of Cheibriados.
  3379 | D:4      | Found an iron altar of Okawaru.
  3386 | D:4      | Reached XP level 6. HP: 28/28 MP: 15/17
  3435 | D:4      | Noticed Edmund
  3490 | D:3      | Learned a level 3 spell: Confuse
  3496 | D:4      | Killed Edmund
  3496 | D:4      | Reached skill level 7 in Stealth
  3986 | D:5      | Entered Level 5 of the Dungeon
  4030 | D:5      | Reached skill level 5 in Short Blades
  4053 | D:5      | Reached XP level 7. HP: 26/32 MP: 7/19
  4090 | D:5      | Noticed a water moccasin
  4263 | D:5      | Reached skill level 8 in Stealth
  4935 | D:6      | Reached skill level 9 in Stealth
  5244 | D:6      | Found a sparkling altar of Nemelex Xobeh.
  5278 | D:6      | Reached XP level 8. HP: 36/36 MP: 16/20
  5462 | D:6      | Reached skill level 10 in Stealth
  5816 | D:6      | Learned a level 4 spell: Enslavement
  5916 | D:7      | Found Suma's Book Emporium.
  5991 | D:7      | Found a sacrificial altar of Ru.
  6218 | D:7      | Reached skill level 5 in Dodging
  6365 | D:7      | Found a staircase to the Ecumenical Temple.
  6375 | Temple   | Entered the Ecumenical Temple
  6398 | Temple   | Became a worshipper of Dithmenos the Shadowed
  6680 | D:7      | Found a glowing golden altar of the Shining One.
  6694 | D:7      | Reached XP level 9. HP: 31/39 MP: 22/22
  7078 | D:5      | Killed a water moccasin
  7078 | D:5      | Reached skill level 11 in Stealth
  8131 | D:8      | Found a deep blue altar of Sif Muna.
  8667 | D:8      | Found a basalt altar of Yredelemnul.
  8890 | D:9      | Reached skill level 5 in Spellcasting
  8893 | D:9      | Reached XP level 10. HP: 30/44 MP: 20/27
  9432 | D:9      | Noticed Duvessa
  9444 | D:9      | Acquired Dithmenos' first power
  9505 | D:9      | Noticed Dowan
  9509 | D:9      | Killed Duvessa
  9616 | D:9      | Killed Dowan
  9752 | D:9      | Found Otiv's Assorted Antiques.
  9761 | D:9      | Bought a notched sapphire ring for 150 gold pieces
  9775 | D:9      | Reached skill level 1 in Fighting
 10008 | D:10     | Entered Level 10 of the Dungeon
 10008 | D:10     | Found a bloodstained altar of Trog.
 10069 | D:10     | Reached skill level 10 in Dodging
 10076 | D:10     | Reached skill level 10 in Short Blades
 10474 | D:10     | Found a staircase to the Orcish Mines.
 10490 | D:10     | Acquired Dithmenos' second power
 10606 | D:10     | Reached skill level 12 in Stealth
 10711 | D:10     | Noticed an unseen horror
 10786 | D:10     | Killed an unseen horror
 10941 | D:10     | Noticed a hill giant
 10947 | D:10     | Killed a hill giant
 10947 | D:10     | Reached skill level 13 in Stealth
 10947 | D:10     | Reached XP level 11. HP: 53/53 MP: 22/28
 11084 | D:10     | Noticed a hill giant
 11092 | D:10     | Killed a hill giant
 11485 | D:11     | Reached skill level 5 in Fighting
 11504 | D:11     | Acquired Dithmenos' third power
 11504 | D:11     | Reached skill level 14 in Stealth
 11680 | D:11     | Noticed a hill giant
 11686 | D:11     | Killed a hill giant
 11943 | D:11     | Found Jeogory's Armour Shoppe.
 12230 | D:12     | Noticed a five-headed hydra
 12235 | D:12     | Killed a five-headed hydra
 12235 | D:12     | Reached skill level 10 in Hexes
 12352 | D:12     | Noticed an unseen horror
 12356 | D:12     | Noticed Psyche
 12359 | D:12     | Killed Psyche
 12364 | D:12     | Killed an unseen horror
 12453 | D:12     | Found Edal's Weapon Boutique.
 12566 | D:12     | Found Qoteamo's Book Shoppe.
 12816 | D:12     | Found Frukhom's Assorted Antiques.
 12822 | D:12     | Found Tuonluat's Weapon Boutique.
 12826 | D:12     | Bought a scroll labeled ZIUJETA KLADI for 24 gold pieces
 12826 | D:12     | Bought a transparent cloak for 228 gold pieces
 12826 | D:12     | Identified the +2 cloak of Articulation {Int+9} (You bought it in a shop on level 12 of the Dungeon)
 13184 | D:9      | Noticed a komodo dragon
 13186 | D:9      | Found a staircase to the Lair.
 13191 | D:9      | Killed a komodo dragon
 13231 | Lair:1   | Entered Level 1 of the Lair of Beasts
 13241 | Lair:1   | Reached XP level 12. HP: 45/63 MP: 29/29
 13408 | Lair:1   | Reached skill level 1 in Shields
 14306 | Lair:1   | Gained mutation: You have a pair of small horns on your head. [potion of beneficial mutation]
 14776 | Lair:2   | Noticed a seven-headed hydra
 14782 | Lair:2   | Killed a seven-headed hydra
 14782 | Lair:2   | Acquired Dithmenos' fourth power
 14804 | Lair:2   | Noticed Harold
 14808 | Lair:2   | Killed Harold
 14808 | Lair:2   | Reached skill level 1 in Invocations
 15524 | Lair:3   | Noticed a four-headed hydra
 15529 | Lair:3   | Killed a four-headed hydra
 16537 | Lair:4   | Reached skill level 5 in Shields
 16745 | Lair:4   | Reached XP level 13. HP: 49/70 MP: 21/30
 16809 | Lair:4   | Found a dark tunnel.
 16818 | Volcano  | Entered a volcano
 18378 | Lair:5   | Found a staircase to the Snake Pit.
 18503 | Lair:5   | Reached skill level 10 in Fighting
 18523 | Lair:5   | Found a staircase to the Swamp.
 19272 | Lair:6   | Reached skill level 1 in Armour
 19283 | Lair:6   | Got a colourful robe
 19284 | Lair:6   | Identified the +1 robe "Hauri" {rC+ Regen+ Str-4 Slay+2} (You found it on level 6 of the Lair of Beasts)
 19446 | Lair:6   | Found a staircase to the Slime Pits.
 20289 | Lair:7   | Found a frozen archway.
 20305 | IceCv    | Entered an ice cave
 20426 | IceCv    | Reached XP level 14. HP: 72/77 MP: 28/31
 20617 | IceCv    | Reached skill level 5 in Armour
 21194 | IceCv    | Reached skill level 1 in Ice Magic
 21262 | IceCv    | Noticed a frost giant
 21264 | IceCv    | Killed a frost giant
 21288 | IceCv    | Got a transparent platinum amulet
 21307 | IceCv    | Identified the amulet "Ledoly" {Faith rC- Str+7 Slay+2} (You found it in an ice cave)
 22447 | Lair:1   | Learned a level 2 spell: Sure Blade
 22451 | Lair:1   | Learned a level 3 spell: Dazzling Spray
 22754 | Orc:1    | Entered Level 1 of the Orcish Mines
 22881 | Orc:1    | Found a roughly hewn altar of Beogh.
 24160 | Orc:3    | Found a roughly hewn altar of Beogh.
 24477 | Orc:2    | Found Zucaeq's Gadget Emporium.
 24804 | Orc:4    | Entered Level 4 of the Orcish Mines
 24968 | Orc:4    | Found Gaatex's Magic Scroll Emporium.
 25100 | Orc:4    | Found Acuap's General Store.
 25104 | Orc:4    | Bought an uncursed ring of poison resistance for 300 gold pieces
 25203 | Orc:4    | Noticed an orc warlord
 25276 | Orc:4    | Killed an orc warlord
 25276 | Orc:4    | Reached skill level 15 in Stealth
 25434 | Orc:4    | Found Clearchae's Assorted Antiques.
 25456 | Orc:4    | Bought a twisted copper wand for 92 gold pieces
 25962 | Orc:4    | Reached skill level 16 in Stealth
 26090 | Orc:4    | Found Brumuva's General Store.
 26110 | Orc:4    | Found Strousov's Antique Armour Shoppe.
 26237 | Orc:4    | Found a staircase to the Elven Halls.
 26502 | Orc:4    | Found Mniak's Book Emporium.
 26503 | Orc:4    | Found Prim Ibuimm's Antique Weapon Shoppe.
 26950 | Swamp:1  | Entered Level 1 of the Swamp
 27069 | Swamp:1  | Reached XP level 15. HP: 81/81 MP: 30/32
 27358 | Swamp:1  | Got a faintly glowing tin amulet
 27499 | Swamp:1  | Identified the amulet of Ezung {Faith rF+} (You found it on level 1 of the Swamp)
 28094 | Swamp:2  | Reached skill level 17 in Stealth
 28602 | Swamp:5  | Entered Level 5 of the Swamp
 28826 | Swamp:4  | Reached skill level 18 in Stealth
 28830 | Swamp:4  | Reached skill level 15 in Dodging
 29836 | Swamp:5  | Noticed the 27-headed Lernaean hydra
 30169 | Swamp:5  | Reached skill level 19 in Stealth
 30430 | Swamp:5  | Noticed a thorn hunter
 30997 | Swamp:5  | Got a decaying rune of Zot
 31311 | Lair:8   | Entered Level 8 of the Lair of Beasts
 31320 | Lair:8   | Reached skill level 1 in Evocations
 31547 | Lair:8   | Reached XP level 16. HP: 84/86 MP: 28/32
 32151 | Lair:8   | Reached skill level 5 in Evocations
 32335 | Lair:8   | Reached skill level 20 in Stealth
 33661 | Snake:1  | Entered Level 1 of the Snake Pit
 33672 | Snake:2  | Found Hejye's Food Shop.
 33674 | Snake:2  | Bought a bread ration for 65 gold pieces
 33674 | Snake:2  | Bought a slice of pizza for 19 gold pieces
 33674 | Snake:2  | Bought a bread ration for 65 gold pieces
 33674 | Snake:2  | Bought 2 fruits for 39 gold pieces
 33674 | Snake:2  | Bought a bread ration for 65 gold pieces
 33674 | Snake:2  | Bought a bread ration for 65 gold pieces
 33914 | D:12     | Bought a book of Spatial Translocations for 780 gold pieces
 33916 | D:12     | Learned a level 1 spell: Apportation
 34378 | Snake:4  | Found a shadowy altar of Dithmenos.
 34464 | Snake:5  | Entered Level 5 of the Snake Pit
 34482 | Snake:5  | Noticed Roxanne
 35117 | Orc:4    | Bought a book of Necromancy for 450 gold pieces
 35121 | Orc:4    | Learned a level 3 spell: Regeneration
 35482 | Snake:2  | Reached skill level 1 in Charms
 35774 | Snake:2  | Reached skill level 5 in Charms
 36257 | Snake:3  | Noticed Wiglaf
 36259 | Snake:3  | Killed Wiglaf
 36327 | Snake:3  | Found Cetezoc's Armour Shoppe.
 36524 | Snake:3  | Noticed Vashnia
 36527 | Snake:3  | Reached skill level 1 in Translocations
 37060 | Snake:4  | Reached skill level 10 in Charms
 37563 | Snake:5  | Reached skill level 5 in Translocations
 38310 | Snake:5  | Got a serpentine rune of Zot
 38536 | Snake:4  | Reached XP level 17. HP: 90/90 MP: 28/33
 38685 | Snake:1  | Found Mosuffynes' Jewellery Boutique.
 39869 | D:13     | Found Smaism's General Store.
 39874 | D:13     | Bought a bread ration for 75 gold pieces
 40646 | D:13     | Noticed Woxaris' ghost (powerful MiFi)
 40660 | D:13     | Killed Woxaris' ghost
 41241 | D:14     | Found Blarrozu's Armour Boutique.
 41550 | D:14     | Found a gate to the Vaults.
 41842 | D:15     | Entered Level 15 of the Dungeon
 41855 | D:15     | Noticed Maud
 41866 | D:15     | Reached skill level 10 in Translocations
 42152 | D:15     | Found a sacrificial altar of Ru.
 42333 | D:15     | Noticed a hill giant
 42338 | D:15     | Killed a hill giant
 42439 | D:15     | Noticed Fannar
 42483 | D:15     | Killed Fannar
 43072 | D:15     | Found a staircase to the Depths.
 43469 | Elf:1    | Entered Level 1 of the Elven Halls
 43474 | Elf:1    | Identified a scroll of acquirement
 45335 | Elf:2    | Found a runed gate.
 45335 | Elf:2    | Found a runed gate.
 45336 | Elf:2    | Found a runed gate.
 45827 | Elf:3    | Entered Level 3 of the Elven Halls
 46202 | Elf:3    | Found a radiant altar of Vehumet.
 47044 | Vaults:1 | Entered Level 1 of the Vaults
 47053 | Vaults:1 | Reached XP level 18. HP: 95/95 MP: 34/34
 48013 | Vaults:1 | Reached skill level 5 in Ice Magic
 49469 | Vaults:2 | Found a staircase to the Crypt.
 49469 | Vaults:2 | Noticed a bone dragon
 49473 | Vaults:2 | Killed a bone dragon
 50716 | Vaults:2 | Reached skill level 10 in Ice Magic
 51832 | Vaults:3 | Reached XP level 19. HP: 90/99 MP: 34/34
 52051 | Vaults:3 | Learned a level 1 spell: Summon Butterflies
 52890 | Vaults:4 | Noticed Agnes
 52891 | Vaults:4 | Killed Agnes
 52920 | Vaults:4 | Noticed Jorgrun
 52921 | Vaults:4 | Killed Jorgrun
 53056 | Vaults:4 | Slain by a tengu reaver

Action                   |  1- 3 |  4- 6 |  7- 9 | 10-12 | 13-15 | 16-18 | 19-21 || total
-------------------------+-------+-------+-------+-------+-------+-------+-------++-------
Melee: Dagger            |   120 |   106 |   436 |   732 |  2030 |   907 |       ||  4331
       Rapier            |       |       |       |       |       |   331 |       ||   331
       Quick blade       |       |       |       |       |       |  1155 |    83 ||  1238
 Fire: Blowgun           |       |       |       |     7 |       |       |       ||     7
 Cast: Ensorcelled Hiber |    13 |    17 |    45 |    97 |   251 |   366 |     7 ||   796
       Confuse           |       |     5 |    27 |    25 |   111 |    81 |       ||   249
       Enslavement       |       |       |       |     4 |    11 |     7 |       ||    22
       Corona            |       |       |       |     1 |     6 |     3 |       ||    10
       Dazzling Spray    |       |       |       |       |     2 |     5 |       ||     7
       Sure Blade        |       |       |       |       |     1 |     6 |       ||     7
       Apportation       |       |       |       |       |       |     1 |       ||     1
       Regeneration      |       |       |       |       |       |     2 |       ||     2
Invok: Shadow Step       |       |       |       |     6 |    12 |    11 |       ||    29
Evoke: Wand              |       |       |       |       |     2 |       |       ||     2
  Use: Scroll            |       |    10 |     7 |    12 |    17 |    11 |     3 ||    60
       Potion            |       |       |       |     1 |     1 |     7 |     1 ||    10
 Stab: Sleeping          |    20 |    20 |    56 |   131 |   309 |   348 |    43 ||   927
       Distracted        |       |     1 |     3 |     6 |    16 |    16 |       ||    42
       Confused          |       |     2 |    17 |    18 |    50 |    41 |       ||   128
       Fleeing           |       |       |       |     1 |       |       |       ||     1
       Paralysed         |       |       |       |       |     1 |       |       ||     1
  Eat: Pizza             |       |     1 |     1 |       |     2 |     1 |       ||     5
       Bread ration      |       |       |     1 |       |       |     2 |       ||     3
       Fruit             |       |       |     3 |    10 |    15 |     8 |     2 ||    38
